 Dungeon Crawl Stone Soup version 0.26-a0-661-g406de6ba63 (webtiles) character file.

Game seed: 8097941884570639365

140 jasper the Magician (level 5, -10/37 HPs)
             Began as a Gnoll Wanderer on Oct 8, 2020.
             Mangled by an iguana (14 damage)
             ... on level 4 of the Dungeon.
             The game lasted 00:05:08 (4184 turns).

jasper the Magician (Gnoll Wanderer)                Turns: 4184, Time: 00:05:08

Health: -10/37     AC:  3    Str: 12 (14) XL:     5   Next: 23%
Magic:  8/14       EV: 15    Int: 16 (17) God:
Gold:   159        SH:  0    Dex: 12 (13) Spells: 12/18 levels left

rFire    . . .     SeeInvis .   k - +0 trident
rCold    . . .     Faith    .   (no shield)
rNeg     . . .     Spirit   .   i - +0 leather armour
rPois    .         Reflect  .   (no helmet)
rElec    .         Harm     .   (no cloak)
rCorr    .         Rampage  .   (no gloves)
MR       .....                  (no boots)
Stlth    ++........             (no amulet)
HPRegen  0.12/turn              j - +4 ring of evasion
MPRegen  0.14/turn              (no ring)

@: brilliant, very slightly contaminated
A: distributed training, fangs 1, strong nose
a: no special abilities


You were on level 4 of the Dungeon.
You visited 1 branch of the dungeon, and saw 4 of its levels.

You collected 159 gold pieces.

Inventory:

Hand Weapons
 a - a +0 spear
 k - a +0 trident (weapon)
Missiles
 h - 113 stones (quivered)
Armour
 d - a +0 robe
 i - a +0 leather armour (worn)
Jewellery
 j - a +4 ring of evasion (left hand)
Scrolls
 c - 2 scrolls of identify {unknown}
 e - a scroll of remove curse {unknown}
 f - a scroll of enchant armour {unknown}
 g - a scroll of fear {unknown}
 m - a scroll of teleportation {unknown}


   Skills:
 + Level 1.4 Fighting
 + Level 1.4 Short Blades
 + Level 1.4 Long Blades
 + Level 1.4 Axes
 + Level 1.4 Maces & Flails
 + Level 1.4 Polearms
 + Level 1.4 Staves
 + Level 1.4 Slings
 + Level 1.4 Bows
 + Level 1.4 Crossbows
 + Level 2.9 Throwing
 + Level 6.6 Armour
 + Level 1.4 Dodging
 + Level 2.7 Stealth
 + Level 1.4 Shields
 + Level 1.4 Unarmed Combat
 + Level 7.2 Spellcasting
 + Level 1.1 Conjurations
 + Level 1.1 Hexes
 + Level 1.1 Summonings
 + Level 1.1 Necromancy
 + Level 3.9 Translocations
 + Level 1.1 Transmutations
 + Level 1.1 Fire Magic
 + Level 1.1 Ice Magic
 + Level 1.1 Air Magic
 + Level 1.1 Earth Magic
 + Level 1.1 Poison Magic
 + Level 1.5 Invocations
 + Level 1.4 Evocations


You had 12 spell levels left.
You knew the following spells:

 Your Spells              Type           Power        Failure   Level
a - Apportation           Tloc           ####..       3%          1
b - Magic Dart            Conj           ##..         10%         1
c - Blink                 Tloc           N/A          4%          2
d - Call Imp              Summ           ##......     14%         2

Your spell library contained the following spells:

 Spells                   Type           Power        Failure   Level
 Teleport Other           Tloc           ####....     9%          3
 Slow                     Hex            ##......     14%         2
 Conjure Flame            Conj/Fire      ##......     28%         3
 Mephitic Cloud           Conj/Pois/Air  ##......     28%         3


Dungeon Overview and Level Annotations

Branches:
Dungeon (4/15)
 Temple: D:4-7

Altars:
Gozag

Annotations:
D:3 Ijyb


Innate Abilities, Weirdness & Mutations

Your experience applies equally to all skills.
You have very sharp teeth.
Your uncanny sense of smell can sniff out nearby items.


Message History

You now have 10/14 mp.
Casting: Call Imp (safe; 14% risk of failure)
Confirm with . or Enter, or press ? or * to list all spells.
You feel a surge of power!
A beastly little devil appears in a puff of flame.
Your crimson imp says, "I commit to your service, O grandiloquent and rosy-lipped gentlegnoll!"
The iguana bites you!
* * * LOW HITPOINT WARNING * * *
You take 9 damage, and have 3/37 hp.
MASSIVE DAMAGE!!
You now have 9/14 mp.
Your crimson imp blinks!
Your magical contamination has completely faded away.
Your crimson imp blinks!
Casting: Call Imp (safe; 14% risk of failure)
Confirm with . or Enter, or press ? or * to list all spells.
You feel a surge of power!
You miscast Call Imp.
You are very lightly contaminated with residual magic.
Nothing appears to happen.
You now have 8/14 mp.
The iguana bites you!
You die...

.# #.### #... #
#.. .## ##..##
###..# ~
##....####..#
#.......5..# .
..##..l##..# ..
.##.@###..## ...
..?.....# ##..#
..# ........#
##.##.5#
#........# #.ยง..#
#..##.....###...##
...#............#
...#...###..####.#
......# #..# #.#
l..... #.## #..


You could see an iguana and a friendly crimson imp (summoned).

Vanquished Creatures
  An orc wizard (D:3)
  3 adders
  A worm (D:3)
  A dart slug (D:2)
  2 leopard geckos (D:2)
  10 orcs
  A ball python (D:2)
  A giant cockroach (D:3)
  5 goblins
  9 hobgoblins
  11 jackals
  11 kobolds
  3 bats
  A frilled lizard (D:3)
  4 rats
64 creatures vanquished.

Notes
Turn   | Place    | Note
-------+----------+-------------------------------------------
     0 | D:1      | jasper the Gnoll Wanderer began the quest for the Orb.
     0 | D:1      | jasper set off with the following items: a +0 spear, a +0
                  | robe; and the following spells available to memorise:
                  | Apportation, Blink, Teleport Other, Magic Dart, Call Imp,
                  | Slow, Conjure Flame, Mephitic Cloud
     0 | D:1      | Reached XP level 1. HP: 13/13 MP: 8/8
     5 | D:1      | Learned a level 1 spell: Apportation
     7 | D:1      | Learned a level 1 spell: Magic Dart
   401 | D:1      | Reached XP level 2. HP: 19/19 MP: 7/10
  1669 | D:2      | Reached XP level 3. HP: 21/25 MP: 11/11
  1986 | D:2      | Learned a level 2 spell: Blink
  1989 | D:2      | Learned a level 2 spell: Call Imp
  2103 | D:2      | Reached skill level 1 in Invocations
  2523 | D:2      | Reached skill level 1 in Fighting
  2523 | D:2      | Reached skill level 1 in Short Blades
  2523 | D:2      | Reached skill level 1 in Long Blades
  2523 | D:2      | Reached skill level 1 in Axes
  2523 | D:2      | Reached skill level 1 in Maces & Flails
  2523 | D:2      | Reached skill level 1 in Polearms
  2523 | D:2      | Reached skill level 1 in Staves
  2523 | D:2      | Reached skill level 1 in Slings
  2523 | D:2      | Reached skill level 1 in Bows
  2523 | D:2      | Reached skill level 1 in Crossbows
  2523 | D:2      | Reached skill level 1 in Dodging
  2523 | D:2      | Reached skill level 1 in Shields
  2523 | D:2      | Reached skill level 1 in Unarmed Combat
  2523 | D:2      | Reached skill level 1 in Evocations
  2760 | D:2      | Found an opulent altar of Gozag.
  2969 | D:3      | Reached XP level 4. HP: 32/32 MP: 13/13
  3389 | D:3      | Reached skill level 1 in Conjurations
  3389 | D:3      | Reached skill level 1 in Hexes
  3389 | D:3      | Reached skill level 1 in Summonings
  3389 | D:3      | Reached skill level 1 in Necromancy
  3389 | D:3      | Reached skill level 1 in Transmutations
  3389 | D:3      | Reached skill level 1 in Fire Magic
  3389 | D:3      | Reached skill level 1 in Ice Magic
  3389 | D:3      | Reached skill level 1 in Air Magic
  3389 | D:3      | Reached skill level 1 in Earth Magic
  3389 | D:3      | Reached skill level 1 in Poison Magic
  3626 | D:3      | Reached XP level 5. HP: 37/37 MP: 7/14
  4146 | D:3      | Noticed Ijyb
  4184 | D:4      | Mangled by an iguana

Illustrated notes

Levels and vault maps discovered:
D:1:      ncdulo_lavacross, layout_loops_corners, minmay_stone_trees_small
D:2:      layout_loops_ring, lemuel_doored_altar,
          nicolae_overflow_hidden_temple, hangedman_decor_peaks_small,
          skrybe_limestone_x
D:3:      layout_loops_cross, grunt_dithmenos_smoke_and_mirrors, uniq_ijyb
D:4:      layout_layer_cave, uniq_menkaure

Skill      XL: |  1  2  3  4 |
---------------+-------------+-----
Invocations    | 1 |  1.5
Fighting       | 1 |  1.4
Short Blades   | 1 |  1.4
Long Blades    | 1 |  1.4
Axes           | 1 |  1.4
Maces & Flails | 1 |  1.4
Polearms       | 1 |  1.4
Staves         | 1 |  1.4
Slings         | 1 |  1.4
Bows           | 1 |  1.4
Crossbows      | 1 |  1.4
Dodging        | 1 |  1.4
Shields        | 1 |  1.4
Unarmed Combat | 1 |  1.4
Evocations     | 1 |  1.4
Conjurations   | 1 |  1.1
Hexes          | 1 |  1.1
Summonings     | 1 |  1.1
Necromancy     | 1 |  1.1
Transmutations | 1 |  1.1
Fire Magic     | 1 |  1.1
Ice Magic      | 1 |  1.1
Air Magic      | 1 |  1.1
Earth Magic    | 1 |  1.1
Poison Magic   | 1 |  1.1
Throwing       | |  2.9
Armour         | |  6.6
Stealth        | |  2.7
Spellcasting   | |  7.2
Translocations | |  3.9

Action                   |  1- 3 |  4- 6 || total
-------------------------+-------+-------++-------
Melee: Spear             |    71 |       ||    71
       Bite              |     7 |     8 ||    15
       Trident           |    24 |   107 ||   131
       Punch             |       |     1 ||     1
 Cast: Magic Dart        |    46 |     9 ||    55
       Call Imp          |       |     1 ||     1
  Use: Potion            |       |     4 ||     4
 Stab: Sleeping          |     3 |     2 ||     5
Armor: Robe              |     6 |       ||     6
       Leather armour    |     4 |    23 ||    27
Dodge: Dodged            |    49 |    70 ||   119

Table legend: (Time is in decaauts)
 A = Elapsed time spent in this place.
 B = Non-inter-level travel time spent in this place.
 C = Inter-level travel time spent in this place.
 D = Time resting spent in this place.
 E = Time spent auto-exploring this place.
 F = Levels seen in this place.
 G = Mean time per level.
                   A        B        C        D        E       F      G
               +--------+--------+--------+--------+--------+-----+--------+
         Total |   4220 |   4171 |     49 |    951 |   2679 |   4 | 1055.0 |
       Dungeon |   4220 |   4171 |     49 |    951 |   2679 |   4 | 1055.0 |
               +--------+--------+--------+--------+--------+-----+--------+

Top non-repeatable levels by time:
     D:2: 1493 daAuts
     D:1: 1472 daAuts
     D:3: 1220 daAuts
     D:4: 33 daAuts
